 Dungeon Crawl Stone Soup version 0.30-a0-272-gf98c3da03f (webtiles) character file.

Game seed: 17137958245751533962

492 lunkers the Cutter (level 7, -7/60 HPs)
             Began as a Meteoran Wanderer on Oct 16, 2022.
             Was an Initiate of Gozag.
             Killed from afar by a rime drake (35 damage)
             ... with a flash freeze
             ... on level 5 of the Dungeon.
             The game lasted 00:05:19 (1952 turns).

lunkers the Cutter (Meteoran Wanderer)              Turns: 1952, Time: 00:05:19

Health: -7/60      AC:  6    Str: 13    XL:     7   Next: 65%
Magic:  10/10      EV: 12    Int: 18    God:    Gozag
Gold:   425        SH:  3    Dex: 12    Spells: 5/8 levels left

rFire   . . .      SeeInvis .    n - +1 short sword (freeze)
rCold   . . .      Faith    .    y - +0 buckler
rNeg    . . .      Spirit   .    c - +0 robe
rPois   .          Reflect  .    d - +0 helmet
rElec   .          Harm     .    (no cloak)
rCorr   .          Rampage  .    A - +0 pair of gloves
Will    .....                    s - +1 pair of boots
Stlth   +.........               (no amulet)
HPRegen 0.30/turn                (no ring)
MPRegen 0.12/turn                (no ring)

@: glowing
A: sense surroundings 1, otherworldly, glowing, explore regen
a: Renounce Religion, Potion Petition, Call Merchant, Bribe Branch


You were on level 5 of the Dungeon.
You worshipped Gozag.
Gozag was aware of your devotion.
You visited 1 branch of the dungeon, and saw 5 of its levels.

You collected 425 gold pieces.

Inventory:

Hand Weapons
 a - a +0 dagger
 n - a +1 short sword of freezing (weapon)
Armour
 c - a +0 robe (worn)
 d - a +0 helmet (worn)
 s - a +1 pair of boots (worn)
 y - a +0 buckler (worn)
 A - a +0 pair of gloves (worn)
Wands
 b - a wand of polymorph (8)
Scrolls
 e - a scroll of summoning {unknown}
 h - 2 scrolls of teleportation {unknown}
 i - a scroll of magic mapping {unknown}
 j - a scroll of silence {unknown}
 k - a scroll of poison {unknown}
 l - a scroll of identify {unknown}
 o - a scroll of vulnerability
 r - 2 scrolls of blinking {unknown}
 v - 2 scrolls of enchant weapon {unknown}
 z - a scroll of immolation {unknown}
 C - a scroll of acquirement {unknown}
Potions
 f - 2 potions of curing
 g - a potion of degeneration {unknown}
 m - a potion of flight {unknown}
 p - 2 potions of heal wounds {unknown}
 q - a potion of resistance {unknown}
 t - 2 potions of attraction {unknown}
 u - 2 potions of brilliance {unknown}
 w - 2 potions of mutation {unknown}
 x - a potion of berserk rage {unknown}
 B - a potion of lignification {unknown}
 D - a potion of ambrosia {unknown}


   Skills:
 + Level 4.8 Fighting
 - Level 6.0 Short Blades
 - Level 3.6 Dodging
 - Level 1.3 Spellcasting
 - Level 1.1 Necromancy
 - Level 2.4 Transmutations
 - Level 3.6 Evocations


You had 5 spell levels left.
You knew the following spells:

 Your Spells              Type           Power      Damage    Failure   Level
b - Passwall              Tmut/Erth      4%         N/A       24%         2
p - Necrotise             Necr           20%        1d5       17%         1

Your spell library contained the following spells:

 Spells                   Type           Power      Damage    Failure   Level
 Beastly Appendage        Tmut           18%        N/A       10%         1
 Sting                    Tmut/Pois      20%        1d4       16%         1
 Slow                     Hex            4%         N/A       26%         1
 Summon Small Mammal      Summ           4%         N/A       26%         1
 Vampiric Draining        Necr           5%         2d6       45%         3
 Call Canine Familiar     Summ           1%         N/A       61%         3
 Confusing Touch          Hex            1%         N/A       61%         3
 Summon Guardian Golem    Hex/Summ       1%         N/A       61%         3


Dungeon Overview and Level Annotations

Branches:
Dungeon (5/15) Zot: 1088
 Temple: D:4-7

Altars:
Gozag

Annotations:
D:1 1 runed translucent door


Innate Abilities, Weirdness & Mutations

You passively map a small area around you.
You are easily found by Zot.
You glow in the dark.
You regain HP and MP as you explore.


Message History

a +0 club; a +0 flail You now have 416 gold pieces (gained 3).
You see here a +0 spear.
You now have 425 gold pieces (gained 9).
Found a scroll labelled WEJOFA WOCA.
A centaur comes into view.
Found a stone staircase leading up.
The centaur shouts!
The centaur wields a +0 shortbow.
The centaur shoots an arrow.
The arrow hits you.
The centaur shoots an arrow.
The arrow misses you.
Okay, then.
Found an ichor-stained mace.
The centaur shoots an arrow.
The arrow hits you!
* * * LOW HITPOINT WARNING * * *
Aiming: Polymorph
Press: ? - help, Shift-Dir - straight line, f - centaur
Aim: a centaur, wielding a +0 shortbow (will become a tengu, a sky beast, or a boggart, chance to affect: 58%)
The centaur evaporates and reforms as a tengu!
The tengu picks up a +0 shortbow.
The tengu wields a +0 shortbow.
The tengu shoots an arrow.
The arrow hits you!
* * * LOW HITPOINT WARNING * * *
Aiming: Polymorph
Press: ? - help, Shift-Dir - straight line, f/p - tengu
Aim: a tengu, wielding a +0 shortbow (will become a rime drake, an acid dragon, or a harpy, chance to affect: 58%)
The tengu evaporates and reforms as a rime drake!
Unknown command.
Okay, then.
You hit the rime drake.
The rime drake is lightly wounded.
You block the rime drake's attack.
You hit the rime drake.
The rime drake is moderately wounded.
The rime drake bites you but does no damage.
You hit the rime drake. You freeze the rime drake.
The rime drake is moderately wounded.
The rime drake breathes ice at you. The flash freeze hits you!!
Ouch! That really hurt!
You die...
Your body crumbles into a pile of gold.

#########
#?....#.#.......#* #
* *
#.....#.#......... #*
, ....#.#......### #
*, ###.##........# ,
#*, *
#.##........###.####
,
#..........)).......
*
#..#.#.######......#
#..#.#....).....[..+
*
#.....@............#
......k......#......#
*
......#####.#<......#
, .....)
,,*.#,......# ......*
, # ......# ..... ,,
, * .#'#+ * * , * #.
,* , *


You could see a rime drake (catching breath).

Vanquished Creatures
  A phantom (D:4)
  A necrophage (D:5)
  2 scorpions
  2 hounds (D:4)
  Natasha (thrice) (D:2)
  An orc wizard (D:5)
  2 adders
  3 gnolls (D:5)
  A dart slug (D:2)
  2 orcs (D:5)
  2 ball pythons
  3 endoplasms
  4 hobgoblins
  5 kobolds
  2 quokkas
  3 frilled lizards
  5 goblins
  2 rats
44 creatures vanquished.

Notes
Turn   | Place    | Note
-------+----------+-------------------------------------------
     0 | D:1      | lunkers the Meteoran Wanderer began the quest for the Orb.
     0 | D:1      | lunkers set off with the following items: a +0 dagger, a
                  | potion of might, a +0 robe, a +0 helmet; and the following
                  | spells available to memorise: Beastly Appendage, Necrotise,
                  | Sting, Passwall, Vampiric Draining.
     0 | D:1      | Reached XP level 1. HP: 14/14 MP: 3/3
     2 | D:1      | Learned a level 1 spell: Necrotise
     3 | D:1      | Found a runed translucent door.
   133 | D:1      | Reached skill level 1 in Short Blades
   141 | D:1      | Reached XP level 2. HP: 20/20 MP: 1/5
   198 | D:1      | Found a faded altar of an unknown god.
   213 | D:1      | Prayed at the altar of an unknown god.
   213 | D:1      | Became a worshipper of Gozag Ym Sagoz the Greedy
   397 | D:1      | Reached skill level 2 in Short Blades
   588 | D:2      | Noticed Natasha
   593 | D:2      | Reached XP level 3. HP: 26/26 MP: 3/6
   608 | D:2      | Killed Natasha
   609 | D:2      | Reached skill level 3 in Short Blades
   609 | D:2      | Reached XP level 4. HP: 28/33 MP: 1/7
   631 | D:2      | Noticed Natasha
   642 | D:2      | Killed Natasha
   643 | D:2      | Reached skill level 4 in Short Blades
   690 | D:2      | Noticed Natasha
   708 | D:2      | Killed Natasha
   709 | D:2      | Reached skill level 1 in Fighting
   709 | D:2      | Reached XP level 5. HP: 11/40 MP: 6/8
  1264 | D:4      | Noticed a phantom
  1288 | D:4      | Killed a phantom
  1289 | D:4      | Reached skill level 5 in Short Blades
  1289 | D:4      | Reached XP level 6. HP: 38/50 MP: 9/9
  1587 | D:4      | Learned a level 2 spell: Passwall
  1700 | D:4      | Reached XP level 7. HP: 57/57 MP: 8/10
  1755 | D:5      | Entered Level 5 of the Dungeon
  1896 | D:5      | Reached skill level 6 in Short Blades
  1948 | D:5      | a tengu changed into a rime drake
  1948 | D:5      | Noticed a rime drake
  1952 | D:5      | Killed from afar by a rime drake

Illustrated notes

Levels and vault maps discovered:
D:1:      dpeg_arrival_caged_fury, layout_basic,
          hellmonk_ecumenical_altar_lost_god
D:2:      layout_rooms, hex_tiny, minmay_misc_feat_pillars,
          hangedman_abyss_or_decor_lesser_grid, hangedman_decor_growths,
          uniq_natasha
D:3:      layout_basic
D:4:      layout_layer_cave, nicolae_elyvilon_peaceful_grove
D:5:      layout_basic

Skill      XL: |  1  2  3  4  5  6  7 |
---------------+----------------------+-----
Short Blades   | 1 2 3 4 5 6 |  6.0
Fighting       | 1 2 3 4 |  4.8
Dodging        | |  3.6
Spellcasting   | |  1.3
Necromancy     | |  1.1
Transmutations | |  2.4
Evocations     | |  3.6

Action                   |  1- 3 |  4- 6 |  7- 9 || total
-------------------------+-------+-------+-------++-------
Melee: Dagger            |     3 |       |       ||     3
       Short sword       |    17 |    75 |    90 ||   182
       Punch             |     1 |       |       ||     1
       Unarmed           |       |    13 |       ||    13
 Cast: Necrotise         |    28 |    38 |     4 ||    70
Evoke: Wand              |       |       |     2 ||     2
  Use: Potion            |       |     1 |       ||     1
       Scroll            |       |     1 |       ||     1
Armor: Robe              |     4 |    25 |    13 ||    42
Dodge: Dodged            |    12 |    42 |    33 ||    87
Block: Buckler           |       |     3 |     8 ||    11

Table legend: (Time is in decaauts)
 A = Elapsed time spent in this place.
 B = Non-inter-level travel time spent in this place.
 C = Inter-level travel time spent in this place.
 D = Time resting spent in this place.
 E = Time spent auto-exploring this place.
 F = Levels seen in this place.
 G = Mean time per level.
                   A        B        C        D        E       F      G
               +--------+--------+--------+--------+--------+-----+--------+
         Total |   1911 |   1831 |     80 |      0 |   1212 |   5 |  382.2 |
       Dungeon |   1911 |   1831 |     80 |      0 |   1212 |   5 |  382.2 |
               +--------+--------+--------+--------+--------+-----+--------+

Top non-repeatable levels by time:
     D:3: 502 daAuts
     D:4: 500 daAuts
     D:1: 478 daAuts
     D:2: 254 daAuts
     D:5: 175 daAuts
